 Dungeon Crawl Stone Soup version 0.30.1-9-gdf580d7c3d (webtiles) character file.

Game seed: 10841823298650361235

2727 monsoonserge the Grappler (level 9, -5/89 HPs)
             Began as a Troll Fighter on Sept 26, 2023.
             Was an Initiate of Wu Jian.
             Slain by a yak (10 damage)
             ... on level 10 of the Dungeon on Sept 27, 2023.
             The game lasted 00:13:50 (5511 turns).

monsoonserge the Grappler (Troll Fighter)           Turns: 5511, Time: 00:13:51

Health: -5/89      AC:  8    Str: 26    XL:     9   Next: 40%
Magic:  8/8        EV:  9    Int:  8    God:    Wu Jian [......]
Gold:   386        SH:  9    Dex:  9    Spells: 8/8 levels left

rFire   . .          .
                       - Unarmed
rCold   . . .        b - +0 kite shield
rNeg    . . .        a - +0 robe
rPois   .            (helmet restricted)
rElec   .            (no cloak)
rCorr   .            (gloves unavailable)
SInv    .            (boots unavailable)
Will    .....        (no amulet)
Stlth   +            h - +4 ring of protection
HPRegen 1.14/turn    G - ring of flight
MPRegen 0.11/turn

%: no passive effects
@: flying
A: large, unfitting armour, claws 3, regeneration 1, shaggy fur 1, tough skin 1
a: Renounce Religion


You were on level 10 of the Dungeon.
You worshipped Wu Jian.
Wu Jian was noncommittal.
You visited 2 branches of the dungeon, and saw 10 of its levels.
You also visited: Sewer.

You collected 386 gold pieces.

Inventory:

Missiles
 m - 7 boomerangs
 u - 19 poisoned darts (quivered)
 y - a throwing net
 F - 4 silver javelins
Armour
 a - a +0 robe (worn)
 b - a +0 kite shield (worn)
Jewellery
 h - a +4 ring of protection (left claw)
 G - a ring of flight (right claw)
Wands
 f - a wand of flame (7)
 B - a wand of iceblast (9)
Scrolls
 c - 5 scrolls of teleportation {unknown}
 d - a scroll of enchant weapon {unknown}
 i - a scroll of enchant armour {unknown}
 j - a scroll of magic mapping {unknown}
 o - 3 scrolls of fog
 r - a scroll of amnesia {unknown}
 s - 2 scrolls of fear
 x - a scroll of immolation {unknown}
 D - a scroll of poison {unknown}
 E - a scroll of blinking {unknown}
Potions
 e - 6 potions of curing
 g - 3 potions of brilliance
 k - 3 potions of haste
 l - 3 potions of attraction
 n - a potion of degeneration {unknown}
 p - 3 potions of heal wounds
 q - a potion of resistance {unknown}
 t - 4 potions of mutation {unknown}
 v - 2 potions of flight
 z - a potion of cancellation {unknown}
 A - a potion of might
 C - 2 potions of invisibility {unknown}


   Skills:
 + Level 5.8 Fighting
 - Level 2.7 Dodging
 + Level 6.4 Shields
 * Level 9.4 Unarmed Combat


You had 8 spell levels left.
You didn't know any spells.
Your spell library contained the following spells:

 Spells                   Type           Power      Damage    Failure   Level
 Necrotise                Necr           0%         1d4       63%         1
 Summon Small Mammal      Summ           0%         N/A       63%         1
 Cigotuvi's Dreadful Rot  Necr/Pois/Air  0%         N/A       77%         2
 Poisonous Vapours        Pois/Air       0%         N/A       77%         2
 Sublimation of Blood     Necr           0%         N/A       77%         2
 Wereblood                Tmut           0%         N/A       77%         2
 Call Canine Familiar     Summ           0%         N/A       94%         3
 Dazzling Flash           Conj/Hex       0%         N/A       94%         3
 Ignite Poison            Fire/Tmut/Pois 0%         N/A       94%         3
 Mephitic Cloud           Conj/Pois/Air  0%         N/A       94%         3
 Summon Guardian Golem    Hex/Summ       0%         N/A       94%         3
 Vampiric Draining        Necr           0%         2d6       94%         3
 Agony                    Necr           0%         N/A       100%        5
 Freezing Cloud           Conj/Ice/Air   0%         6-21      100%        5
 Silence                  Hex/Air        0%         N/A       100%        5
 Summon Hydra             Summ           0%         N/A       100%        7


Dungeon Overview and Level Annotations

Branches:
Dungeon (8/15)             Temple (1/1) D:7           Sewer (visited)
   Lair: D:8-11

Altars:
Ashenzari
Cheibriados
Dithmenos
Elyvilon
Fedhas
Gozag
Hepliaklqana
Kikubaaqudgha
Makhleb
Nemelex Xobeh
Okawaru
Qazlal
Ru
Sif Muna
Trog
Uskayaw
Vehumet
Wu Jian
Xom
Yredelemnul
Zin
The Shining One

Shops:
D:5 (   D:6 *

Annotations:
D:7 3 runed translucent doors, Danienth's ghost, novice MiFi


Innate Abilities, Weirdness & Mutations

You are too large for most types of armour.
You have claws for hands.
Your natural rate of healing is unusually fast.
You are covered in fur. (AC +1)
You have tough skin. (AC +1)


Message History

You barely miss the yak.
The yak is heavily wounded.
The yak barely misses you. x2
Unknown command.
You claw the yak!
The yak is moderately wounded.
The yak gores you but does no damage. The yak gores you.
You block the yak's attack.
Unknown command.
You mangle the yak!!
The yak is almost dead.
The yak gores you! x3
Unknown command.
You scratch the yak.
The yak is almost dead.
The yak gores you. You block the yak's attack.
You scratch the yak but do no damage. The yak gores you but does no damage.
The yak gores you.
Unknown command.
You mangle the yak!!
The yak is severely wounded.
The yak gores you. You block the yak's attack. x2
Unknown command.
You scratch the yak but do no damage.
The yak is almost dead.
The yak gores you but does no damage. The yak gores you! x2
* * * LOW HITPOINT WARNING * * *
The yak gores you!
* * * LOW HITPOINT WARNING * * *
Unknown command.
Okay, then.
You claw the yak!
You kill the yak!
The Council accepts your kill. The yak gores you.
* * * LOW HITPOINT WARNING * * *
The yak gores you!
* * * LOW HITPOINT WARNING * * *
The yak gores you!
You die...

. .. ... ..$.. ......
.....Y##############
#...cY@....[.......
#....YY............
#..................
#..................
#..............####
####..............#
#######..................#
.........................+
#.......# ########.....#


You could see 4 yaks and a centaur.

Vanquished Creatures
  Sigmund (D:2)
  2 yaks (D:10)
  A wyvern (D:10)
  2 water moccasins
  Pargi (Sewer)
  A black bear (D:6)
  3 ogres
  A centaur (D:7)
  3 phantoms
  A kobold brigand (D:7)
  3 scorpions
  2 bullfrogs
  A howler monkey (D:6)
  A jelly (D:6)
  3 orc priests
  4 hounds
  2 gnoll boudas
  Jessica (D:3)
  3 orc wizards
  Terence (D:3)
  4 iguanas
  2 sleepcaps
  Robin (D:3)
  8 adders
  12 gnolls
  An ufetubus (D:4)
  A worm (D:2)
  2 dart slugs
  11 orcs
  5 endoplasms
  9 giant cockroaches
  15 goblins
  13 hobgoblins
  7 kobolds
  3 quokkas (D:4)
  10 ball pythons
  4 bats
  9 frilled lizards
  6 rats
160 creatures vanquished.

Notes
Turn   | Place    | Note
-------+----------+-------------------------------------------
     0 | D:1      | monsoonserge the Troll Fighter began the quest for the Orb.
     0 | D:1      | Reached XP level 1. HP: 22/22 MP: 0/0
   131 | D:1      | Reached XP level 2. HP: 28/29 MP: 1/1
   378 | D:1      | Reached XP level 3. HP: 36/36 MP: 2/2
  1161 | D:3      | Reached skill level 3 in Unarmed Combat
  1238 | D:3      | Noticed Jessica
  1243 | D:3      | Reached XP level 4. HP: 44/44 MP: 3/3
  1254 | D:3      | Killed Jessica
  1284 | D:3      | Noticed Sigmund
  1298 | D:2      | Killed Sigmund
  1299 | D:2      | Reached skill level 4 in Unarmed Combat
  1299 | D:2      | Reached XP level 5. HP: 41/53 MP: 4/4
  1365 | D:3      | Reached XP level 6. HP: 47/61 MP: 5/5
  1415 | D:3      | Noticed Robin
  1440 | D:3      | Killed Robin
  1507 | D:3      | Noticed Terence
  1518 | D:3      | Killed Terence
  1542 | D:3      | Found a bloodstained altar of Trog.
  1626 | D:4      | Reached skill level 5 in Unarmed Combat
  1667 | D:4      | Reached XP level 7. HP: 41/68 MP: 6/6
  1886 | D:4      | HP: 2/70 [ogre/+0 giant club (12)]
  1889 | D:4      | Reached skill level 6 in Unarmed Combat
  2113 | D:4      | Found a snail-covered altar of Cheibriados.
  2648 | D:5      | Entered Level 5 of the Dungeon
  2773 | D:5      | Found a glowing drain.
  2822 | D:5      | Reached skill level 5 in Shields
  2822 | D:5      | Reached XP level 8. HP: 60/79 MP: 7/7
  2835 | Sewer    | Entered a sewer
  2882 | Sewer    | Noticed Pargi
  2897 | Sewer    | Killed Pargi
  2898 | Sewer    | Reached skill level 7 in Unarmed Combat
  3124 | D:5      | Found Mubeub's Hydra Hut.
  3129 | D:5      | Noticed a six-headed hydra
  3583 | D:5      | Identified the +5 leather armour of Feasting {Rampage rC-
                  | Dex-4 Stlth+}
  3643 | D:6      | Reached skill level 5 in Fighting
  3674 | D:6      | Reached skill level 8 in Unarmed Combat
  3966 | D:6      | Found Puonnoff's General Store.
  4283 | D:7      | Reached XP level 9. HP: 86/88 MP: 8/8
  4401 | D:7      | Found a staircase to the Ecumenical Temple.
  4415 | Temple   | Entered the Ecumenical Temple
  4427 | Temple   | Became a worshipper of the Wu Jian Council
  4469 | D:7      | Noticed Danienth's ghost (novice MiFi)
  4470 | D:7      | Found a runed translucent gate.
  4470 | D:7      | Found a runed translucent gate.
  4471 | D:7      | Found a runed translucent gate.
  4471 | D:7      | Noticed a boulder beetle
  4552 | D:7      | Found a glowing silver altar of Zin.
  4613 | D:7      | Found a blossoming altar of Fedhas.
  4614 | D:7      | Found a broken altar of Ashenzari.
  4648 | D:7      | Reached skill level 9 in Unarmed Combat
  5311 | D:8      | You are sucked into a shaft and drop 2 floors!
  5311 | D:10     | Entered Level 10 of the Dungeon
  5491 | D:10     | Identified the +2 pair of gloves of Cuaciunk {Str+3}
  5511 | D:10     | Slain by a yak

Illustrated notes

Levels and vault maps discovered:
D:1:      mrwooster_arrival_statue_2, layout_loops_cross
D:2:      layout_rooms, hex_large, minmay_liquid_box
D:3:      layout_rooms, trog_book, uniq_terence, uniq_sigmund, uniq_robin,
          uniq_jessica
D:4:      layout_basic, general_overflow_altar
D:5:      layout_loops_cross, gup_sewer_entry_glass, doesnt_shop_hydraphobe
D:6:      layout_gridville, serial_shops, nicolae_shop_stone,
          hangedman_glass_teeth
D:7:      layout_loops_corners, zin_academy, nicolae_overflow_two_pavilions,
          minmay_temple_entry_statues_fountains, gammafunk_ghost_split
D:8:      layout_basic, nicolae_two_hexagons
D:10:     layout_irregular_city, library_closet, amcnicky_mini_corridor_feature,
          wad_floor_pattern_untrapped, chequers_serial_rivers_room_b,
          uniq_harold, uniq_nergalle
Temple:   sentei_temple_godly_chess

Skill      XL: |  1  2  3  4  5  6  7  8  9 |
---------------+----------------------------+-----
Shields        | 3 4 5 6 |  6.4
Unarmed Combat | 3 4 5 6 8 9 |  9.4
Fighting       | 3 4 5 |  5.8
Dodging        | |  2.7

Action                     |  1- 3 |  4- 6 |  7- 9 || total
---------------------------+-------+-------+-------++-------
  Melee: Unarmed           |   106 |    82 |   314 ||   502
Ability: Lunge             |       |       |     4 ||     4
    Use: Potion            |       |     1 |       ||     1
         Scroll            |       |       |     7 ||     7
   Stab: Sleeping          |       |     1 |       ||     1
 Armour: Robe              |    31 |    29 |   102 ||   162
  Dodge: Dodged            |    44 |    22 |   111 ||   177
  Block: Kite shield       |    42 |    27 |   168 ||   237
